Map: Snowbound Colony

Players

SirJohny

  • Race: Zerg Zerg
  • League: Gold
  • Spawn Location: 7:00

Infamous

  • Race: Protoss Protoss
  • League: Silver
  • Spawn Location: 6:00

DAMOCLES

  • Race: Zerg Zerg
  • Spawn Location: 7:00

Rensku - Winner!

  • Race: Zerg Zerg
  • Spawn Location: 1:00

IoiTCh - Winner!

  • Race: Terran Terran
  • Spawn Location: 12:00

Anders - Winner!

  • Race: Terran Terran
  • Spawn Location: 1:00

VOD

Have the link to the VOD?

Description

Time

  • Played on: April 5, 2018, 10:02 a.m.
  • Length: 12:43
Show
View Real Time Build Order
Export as new Build Order

SirJohny Zerg 

Build Orders: Pool First 

Get SALT Encoding   

  12  0:06  Drone  
  13  0:12  Drone  
  14  0:17  Extractor  
  14  0:19  Drone  
  15  0:23  Overlord  
  15  0:45  Spawning Pool  
  14  1:05  Hatchery  
  14  1:07  Drone  
  14  1:13  Drone  
  14  1:15  Drone  
  16  1:19  Extractor  
  16  1:23  Drone  
  16  1:30  Drone  
  17  1:37  Queen  
  19  1:45  Drone  
  20  1:54  Drone  
  21  2:01  Drone  
  21  2:02  Extractor  
  21  2:14  Drone  
  22  2:16  Queen  
  22  2:17  Drone  
  25  2:27  Lair  
  25  2:28  Drone x2  
  27  2:35  Overlord  
  27  2:46  Overlord  
  27  3:00  Drone  
  27  3:05  Overlord  
  28  3:10  Drone x3  
  31  3:21  Drone x3  
  31  3:26  Infestation Pit  
  33  3:28  Pneumatized Carapace  
  33  3:38  Spore Crawler  
  32  3:45  Spine Crawler  
  31  3:53  Zergling x16  
  39  4:08  Drone x3  
  42  4:16  Drone x2  
  44  4:25  Infestation Pit  
  44  4:27  Drone  
  44  4:29  Hydralisk Den  
  43  4:40  Hatchery  
  42  4:59  Nydus Network  
  41  5:19  Hydralisk  
  41  5:21  Overlord x3  
  43  5:34  Overlord x2  
  43  5:36  Spore Crawler  
  42  5:47  Hydralisk x4  
  42  5:48  Hydralisk x2  
  54  5:55  Overseer  
  54  6:04  Hydralisk  
  41  6:34  Zergling x2  
  41  6:35  Zergling x16  
  50  6:50  Hydralisk x4  
  52  7:13  Spore Crawler  
  52  7:14  Spore Crawler  
Show
View Real Time Build Order
Export as new Build Order

Infamous Protoss 

Build Orders:  

Get SALT Encoding   

  12  0:01  Probe  
  13  0:13  Probe  
  14  0:27  Pylon  
  14  0:33  Probe  
  15  0:47  Gateway  
  15  0:50  Probe  
  16  1:03  Probe (Chrono Boost)  
  17  1:05  Assimilator  
  17  1:14  Probe (Chrono Boost)  
  18  1:22  Probe (Chrono Boost)  
  19  1:30  Probe (Chrono Boost)  
  20  1:35  Assimilator  
  20  1:37  Pylon  
  20  1:38  Cybernetics Core  
  20  1:41  Zealot  
  22  1:51  Probe  
  23  2:03  Probe, Gateway  
  24  2:14  Warp Gate  
  24  2:16  Stalker (Chrono Boost)  
  24  2:20  Probe  
  27  2:32  Probe  
  28  2:41  Stalker (Chrono Boost)  
  31  2:44  Probe  
  31  3:05  Nexus  
  31  3:08  Pylon  
  31  3:13  Pylon  
  31  3:26  Probe  
  32  3:32  Robotics Facility  
  32  3:37  Gateway  
  32  3:38  Probe  
  32  3:40  Gateway  
  33  3:54  Gateway  
  33  4:01  Probe  
  34  4:09  Pylon  
  34  4:13  Probe  
  34  4:15  Forge  
  35  4:26  Probe  
  35  4:27  Probe  
  37  4:39  Probe  
  38  4:59  Probe  
  39  5:01  Stalker  
  39  5:02  Stalker x2  
  45  5:12  Forge  
  45  5:13  Protoss Ground Weapons Level 1 (Chrono Boost)  
  45  5:14  Pylon, Probe x2, Shield Battery  
  47  5:25  Twilight Council  
  47  5:26  Gateway  
  47  5:27  Gateway, Observer  
  48  5:43  Photon Cannon  
  48  5:48  Photon Cannon  
  48  5:50  Pylon  
  48  5:52  Photon Cannon  
  48  5:54  Probe, Pylon  
  48  5:56  Probe  
  50  6:04  Stalker x2  
  54  6:29  Stalker x3, Blink (Chrono Boost)  
  60  6:37  Probe x2  
  62  6:40  Protoss Ground Armor Level 1 (Chrono Boost)  
  62  6:41  Immortal  
  66  6:49  Probe x2  
  68  7:05  Stalker  
  68  7:06  Stalker  
  68  7:07  Sentry x3  
  78  7:19  Probe  
  78  7:20  Probe  
  80  7:24  Protoss Ground Weapons Level 2 (Chrono Boost)  
  80  7:35  Templar Archives, Probe x2  
  82  7:40  Photon Cannon  
  82  7:44  Assimilator  
  82  7:49  Assimilator  
  82  8:02  Immortal  
  82  8:08  Probe x2  
  66  8:32  Stalker x3  
  66  8:33  Stalker x2  
  78  8:51  Protoss Shields Level 1 (Chrono Boost)  
  78  9:03  Stalker x2  
  78  9:04  Zealot x3  
  84  9:19  Charge (Chrono Boost)  
  84  9:29  Zealot x3  
  84  9:30  Zealot x2, Protoss Ground Weapons Level 3 (Chrono Boost)  
  94  9:45  Pylon  
  94  9:49  Pylon  
  94  9:53  Pylon  
  94  9:54  Probe x2  
  54  10:52  Stalker x3  
  54  10:53  Stalker x3  
  66  11:10  Gateway  
  66  11:12  Gateway  
  66  11:14  Gateway  
  64  11:25  Zealot x5  
  70  11:26  Zealot  
  53  12:06  Cybernetics Core  
  53  12:07  Zealot x4  
Show
View Real Time Build Order
Export as new Build Order

DAMOCLES Zerg 

Build Orders: Hatch First 

Get SALT Encoding   

  12  0:31  Hatchery  
  11  0:37  Drone  
  11  0:38  Drone  
  13  0:48  Overlord  
  13  0:56  Drone  
  14  1:02  Extractor  
  14  1:04  Extractor  
  12  1:05  Drone  
  12  1:10  Drone  
  14  1:21  Drone  
  15  1:32  Drone  
  16  1:43  Spawning Pool  
  15  1:47  Drone x2  
  15  1:53  Drone  
  18  1:57  Drone  
  19  2:03  Drone  
  20  2:13  Drone  
  21  2:16  Overlord  
  21  2:20  Drone  
  22  2:30  Drone  
  22  2:31  Drone  
  24  2:37  Drone x2  
  24  2:43  Queen  
  28  2:53  Lair  
  28  3:02  Roach Warren  
  28  3:05  Drone  
  28  3:08  Drone  
  29  3:13  Drone x2  
  29  3:15  Drone  
  29  3:19  Drone  
  29  3:48  Zergling x12  
  16  4:04  Zergling x10  
  21  4:34  Drone  
  21  4:35  Drone x4  
  26  4:45  Queen  
  26  4:52  Drone  
  29  4:57  Drone  
  28  5:11  Zergling x6  
  5  6:36  Drone x2  
  5  6:37  Drone  
  3  7:30  Drone x3  
Show
View Real Time Build Order
Export as new Build Order

Rensku Zerg - Winner!

Build Orders: Pool First, Lurkers 

Get SALT Encoding   

  12  0:11  Overlord  
  12  0:15  Drone  
  13  0:29  Drone  
  14  0:53  Drone x2  
  14  0:54  Drone  
  14  0:56  Spawning Pool  
  16  0:58  Extractor  
  15  1:21  Drone  
  15  1:24  Drone  
  17  1:30  Hatchery  
  17  1:31  Overlord  
  16  1:47  Zergling x2  
  17  1:57  Zergling x2  
  17  1:59  Zergling x2  
  19  2:02  Metabolic Boost  
  19  2:13  Zergling x2  
  20  2:17  Queen  
  20  2:21  Zergling x2  
  23  2:31  Drone  
  24  2:44  Overlord  
  24  2:47  Drone, Queen  
  27  2:58  Lair  
  27  2:59  Extractor, Drone  
  27  3:04  Drone  
  28  3:08  Drone  
  29  3:17  Drone  
  29  3:19  Drone  
  31  3:20  Drone  
  32  3:46  Roach Warren  
  28  4:05  Drone x3  
  28  4:08  Extractor, Zergling x4  
  28  4:09  Zergling x2  
  33  4:12  Evolution Chamber  
  32  4:17  Drone, Hydralisk Den  
  32  4:23  Drone  
  33  4:34  Roach  
  33  4:35  Overlord  
  33  4:36  Overlord  
  35  4:46  Zerg Missile Weapons Level 1  
  35  4:49  Grooved Spines  
  35  4:51  Drone  
  36  4:53  Drone  
  36  4:57  Drone  
  37  5:17  Roach x3  
  37  5:19  Drone x2  
  45  5:28  Lurker Den  
  45  5:31  Overlord  
  45  5:33  Drone  
  45  5:36  Overseer  
  45  5:42  Pneumatized Carapace  
  45  5:45  Drone  
  45  5:48  Drone  
  47  5:51  Drone  
  47  5:54  Drone  
  49  5:57  Drone  
  49  6:00  Drone, Muscular Augments  
  51  6:11  Evolution Chamber  
  51  6:16  Drone  
  51  6:17  Drone x2  
  53  6:28  Hydralisk x3  
  53  6:31  Drone  
  60  6:34  Overlord  
  59  6:41  Zerg Melee Weapons Level 1  
  59  6:42  Glial Reconstitution  
  50  7:19  Roach  
  50  7:20  Roach x2  
  50  7:21  Drone  
  50  7:22  Drone x3  
  58  7:31  Lurker  
  58  7:32  Lurker x2  
  58  7:34  Roach x3  
  67  7:43  Zergling x2  
  68  7:45  Overlord x2  
  68  7:57  Hatchery  
  67  8:03  Extractor  
  66  8:05  Drone  
  66  8:06  Drone  
  66  8:07  Zergling x4  
  66  8:08  Zergling x8  
  68  8:24  Roach x3  
  68  8:25  Roach  
  68  8:26  Roach x2  
  68  8:27  Roach x2  
  84  8:53  Overlord  
  84  8:54  Overlord x3  
  84  8:58  Zerg Missile Weapons Level 2  
  84  8:59  Zerg Ground Armor Level 1  
  84  9:09  Queen  
  86  9:14  Hydralisk x5  
  86  9:16  Zergling x2  
  98  9:17  Zergling x4  
  98  9:18  Zergling x4  
  98  9:20  Drone  
  98  9:21  Queen  
  98  9:22  Drone  
  105  9:33  Hydralisk  
  105  9:34  Hydralisk x2  
  105  9:36  Roach  
  105  9:37  Roach  
  115  9:48  Drone x2  
  110  10:15  Lurker  
  110  10:16  Lurker x2  
  110  10:20  Infestation Pit  
  110  10:21  Drone x3  
  102  10:47  Hydralisk x5  
  102  10:49  Drone x2  
  110  10:51  Zergling x2  
  110  10:52  Zergling x6  
  112  11:22  Ravager  
  113  11:29  Drone  
  113  11:30  Drone x3  
  117  11:33  Extractor  
  117  11:35  Extractor  
  114  11:46  Ravager x3  
  114  11:47  Ravager  
  118  11:48  Drone x3  
  118  11:52  Overlord  
  118  11:53  Overlord x3  
  121  11:56  Overlord x3  
Show
View Real Time Build Order
Export as new Build Order

IoiTCh Terran - Winner!

Build Orders: Banshee Rush 

Get SALT Encoding   

  12  0:01  SCV  
  13  0:13  SCV  
  14  0:25  SCV  
  15  0:29  Supply Depot  
  15  0:31  Refinery  
  15  0:45  Refinery  
  15  1:06  Barracks  
  15  1:10  SCV  
  15  1:11  Barracks  
  16  1:23  SCV  
  17  1:35  SCV  
  18  1:47  SCV  
  19  1:58  Factory  
  19  1:59  SCV  
  20  2:13  Supply Depot  
  20  2:15  Orbital Command  
  20  2:25  Barracks Tech Lab x2  
  20  2:48  Starport  
  20  2:53  Starport  
  20  2:59  Barracks Tech Lab  
  20  3:04  SCV  
  21  3:08  Barracks Reactor  
  21  3:15  Factory Reactor  
  21  3:16  SCV  
  21  3:19  Marine  
  23  3:28  SCV  
  23  3:31  Banshee  
  27  3:40  Banshee  
  30  3:45  Cloaking Field  
  30  3:50  SCV  
  31  3:59  Supply Depot  
  31  4:02  Supply Depot  
  31  4:14  Stimpack  
  31  4:20  Banshee, Engineering Bay  
  31  4:22  SCV  
  35  4:30  Banshee  
  38  4:34  SCV  
  39  4:51  SCV  
  40  5:03  Banshee  
  42  5:47  SCV  
  43  5:59  SCV  
  44  6:11  SCV  
  45  6:23  SCV  
  40  6:36  Banshee x2  
  46  6:41  SCV  
  46  6:43  Command Center  
  47  7:14  Supply Depot  
  47  7:16  Supply Depot  
  47  7:19  Marine, SCV  
  47  7:22  Supply Depot  
  46  7:31  SCV  
  46  7:35  Banshee  
  50  7:44  Supply Depot, SCV  
  51  7:46  Command Center  
  48  7:56  SCV  
  49  8:00  Starport, Refinery x2  
  49  8:07  Supply Depot  
  49  8:08  SCV  
  49  8:11  Fusion Core  
  51  8:14  Orbital Command  
  50  8:25  Marine x3  
  53  8:29  Supply Depot x2  
  53  8:42  Starport  
  53  8:43  Marine  
  54  8:49  Starport Reactor  
  54  8:50  Marine x2  
  54  8:52  Supply Depot  
  56  8:57  Barracks  
  56  9:04  Orbital Command  
  56  9:14  SCV  
  57  9:17  Supply Depot  
  57  9:24  Marine x3  
  57  9:26  Terran Infantry Weapons Level 1  
  57  9:30  Armory  
  60  9:32  Starport Tech Lab  
  60  9:36  Supply Depot  
  60  9:39  SCV  
  60  9:42  Marine x3  
  64  9:46  SCV  
  64  9:47  Refinery  
  64  9:50  SCV  
  64  9:51  SCV  
  67  9:58  SCV, Engineering Bay  
  68  10:00  Marine x2  
  68  10:02  SCV  
  68  10:03  SCV  
  68  10:04  Battlecruiser x3  
  90  10:10  SCV  
  90  10:14  SCV  
  92  10:15  Viking x2  
  92  10:16  SCV  
  97  10:22  SCV  
  97  10:26  SCV  
  99  10:29  Refinery  
  99  10:34  SCV x2  
  101  10:38  SCV  
  102  10:45  Supply Depot, Viking  
  102  10:46  SCV  
  102  10:47  SCV  
  106  10:50  SCV  
  106  10:54  Supply Depot  
  107  10:58  SCV  
  108  11:06  Starport  
  108  11:07  Widow Mine x2  
  108  11:10  SCV  
  113  11:22  SCV  
  114  11:28  Widow Mine x2  
  118  12:19  Marine x2  
Show
View Real Time Build Order
Export as new Build Order

Anders Terran - Winner!

Build Orders:  

Get SALT Encoding   

  12  0:13  Supply Depot  
  12  0:20  Refinery  
  12  0:28  Refinery  
  12  0:45  Barracks  
  12  1:01  SCV  
  13  1:13  SCV  
  14  1:19  Engineering Bay  
  14  1:25  SCV  
  15  1:37  Marine  
  16  1:53  Bunker  
  16  1:54  Marine  
  17  2:12  Marine  
  18  2:24  Bunker  
  18  2:26  Missile Turret  
  18  2:45  Missile Turret  
  18  2:46  Marine  
  19  3:04  Marine  
  20  3:05  Missile Turret  
  20  3:07  Factory  
  20  3:21  Marine  
  20  3:25  Missile Turret  
  21  3:39  Marine  
  22  3:53  Factory Tech Lab  
  22  3:57  Marine  
  23  4:25  Supply Depot, Terran Infantry Weapons Level 1  
  23  4:48  Supply Depot  
  23  5:12  Siege Tank  
  26  5:39  Rapid Fire Launchers  
  26  5:52  Barracks Reactor  
  26  5:56  Barracks  
  26  6:08  Hellion  
  28  6:19  Hi-Sec Auto Tracking  
  28  6:29  Hellion  
  30  6:33  Missile Turret, Command Center  
  30  6:51  Hellion  
  30  6:53  Barracks Tech Lab  
  32  6:55  SCV  
  33  7:07  SCV  
  34  7:12  Infernal Pre-Igniter  
  34  7:16  Neosteel Frame  
  34  7:19  SCV  
  35  7:32  SCV  
  30  8:12  Planetary Fortress  
  30  8:18  Refinery  
  30  8:19  Orbital Command  
  30  8:25  Marine  
  30  8:26  Marine x2  
  33  8:43  Marine x2  
  33  8:44  Marine  
  33  8:46  Building Armor  
  36  9:01  Marine x2  
  36  9:02  SCV, Marauder  
  41  9:14  SCV  
  42  9:19  Marine x2  
  42  9:23  Marine  
  45  9:26  SCV  
  46  9:36  Marine  
  46  9:38  SCV  
  48  9:50  SCV  
  49  10:03  Marine, Marauder  
  49  10:04  Marine  
  53  10:21  Marine  
  54  10:29  Supply Depot  
  54  10:51  Marine x2, Marauder  
  58  11:08  Marine x2  
  60  11:12  Marine  
  61  11:26  Marine  
  62  11:34  Marine  
  62  11:59  Marine  
Tags
 
Add a new tag
Caveats
  • Supply blocks, unpowered buildings, or Contaminate may cause inaccurate times.
  • Supply counts are checked every 10 seconds.